 Dungeon Crawl Stone Soup version 0.19-a0-1908-g43c011f (webtiles) character file.

54 Lochraine the Magician (level 3, -2/26 HPs)
             Began as a Draconian Wizard on Oct 22, 2016.
             Killed from afar by a white imp (7 damage)
             ... with a puff of frost
             ... summoned by Natasha
             ... on level 3 of the Dungeon.
             The game lasted 00:05:40 (2143 turns).

Lochraine the Magician (Draconian Wizard)           Turns: 2143, Time: 00:05:41

Health: -2/26      AC:  5    Str:  6 (9)  XL:     3   Next: 66%
Magic:  3/8        EV: 12    Int: 18 (19) God:
Gold:   50         SH:  0    Dex:  8 (9)  Spells: 3 memorised, 3 levels left

rFire  . . .     SeeInvis .     g - +0 spear (flame)
rCold  . . .     Gourm    .     (armour unavailable)
rNeg   . . .     Faith    .     (no shield)
rPois  .         Spirit   .     a - +0 hat
rElec  .         Reflect  .     (no cloak)
rCorr  .         Harm     .     (no gloves)
MR     .....                    (no boots)
Stlth  ++........               (no amulet)
                                (no ring)
                                (no ring)

@: no status effects
A: unfitting armour, cold-blooded, AC +5
a: no special abilities


You were on level 3 of the Dungeon.
You were near starving.

You visited 1 branch of the dungeon, and saw 3 of its levels.

You collected 50 gold pieces.

Inventory:

Hand Weapons
 g - a +0 spear of flaming (weapon)
Armour
 a - a +0 hat (worn)
Scrolls
 e - a scroll of remove curse {unknown}
 h - a scroll of noise {unknown}
 i - 2 scrolls of teleportation {unknown}
 k - 2 scrolls of identify {unknown}
 n - a scroll of amnesia {unknown}
 o - a scroll of fear {unknown}
Potions
 d - a potion of degeneration
 f - a potion of cancellation {unknown}
 j - a potion of cure mutation {unknown}
 l - a potion of heal wounds {unknown}
Books
 b - a book of Minor Magic

   Spells                             Type                      Level
   a - Magic Dart                     Conjuration                  1
   b - Blink                          Translocation                2
   c - Call Imp                       Summoning                    2
   d - Repel Missiles                 Charms/Air                   2
   e - Slow                           Hexes                        2
   f - Conjure Flame                  Conjuration/Fire             3
   g - Mephitic Cloud                 Conjuration/Poison/Air       3
Comestibles
 c - 2 bread rations
 m - a meat ration
 p - 2 chunks of flesh


   Skills:
 - Level 1.7 Dodging
 - Level 1.7 Stealth
 + Level 3.7 Spellcasting
 + Level 2.4 Conjurations
   Level 1.0 Summonings
 - Level 1.0 Translocations
 + Level 0.2 Air Magic
 + Level 0.4 Poison Magic


You had 3 spell levels left.
You knew the following spells:

 Your Spells              Type           Power        Failure   Level  Hunger
a - Magic Dart            Conj           ##..         8%          1    None
b - Blink                 Tloc           N/A          17%         2    ##.....
c - Mephitic Cloud        Conj/Pois/Air  #.......     34%         3    ###....


Dungeon Overview and Level Annotations

Branches:
Dungeon (3/15)

Altars:

Annotations:
D:2 Sigmund
D:3 Natasha


Innate Abilities, Weirdness & Mutations

Your plain brown scales are hard. (AC +5)
You cannot fit into any form of body armour.
You are cold-blooded and may be slowed by cold attacks.


Message History

Aim: Natasha (heavily wounded)
The magic dart hits Natasha.
Natasha is severely wounded.
Natasha claws you.
* * * LOW HITPOINT WARNING * * *
The white imp gestures at you. The puff of frost hits you!
* * * LOW HITPOINT WARNING * * *
Okay, then.
It was a potion of degeneration.
There was something very wrong with that liquid.
You feel weakened.
You feel dopey.
You feel clumsy.
The crimson imp disappears in a puff of smoke!
The shadow imp disappears in a puff of smoke!
Natasha mumbles some strange words.
You feel troubled. Natasha closely misses you. The white imp gestures at you.
The puff of frost hits you!
You die...

#... .# #####... ..
........#.# !..§......#
........# # ..§.5.#.#
#h#.##.# #.@....# ######.#
######.#####.# .....#.#
........)÷....# .....#.#
####.....###### .....#.#
#...#.### .....#.#
#...#.#.# .....#.#
+...#.#.# .....#.#
##.......#
###.##.#######.....#..#####


You could see Natasha and a white imp.

Vanquished Creatures
  A worm (D:3)
  4 dart slugs
  A leopard gecko (D:3)
  A ball python (D:1)
  5 bats
  2 giant cockroaches (D:1)
  5 goblins
  9 hobgoblins
  2 jackals (D:1)
  A kobold (D:3)
  A quokka (D:3)
  3 frilled lizards
  3 rats (D:1)
38 creatures vanquished.

Notes
Turn   | Place    | Note
-------+----------+-------------------------------------------
     0 | D:1      | Lochraine the Draconian Wizard began the quest for the Orb.
     0 | D:1      | Reached XP level 1. HP: 14/14 MP: 4/4
   561 | D:1      | Reached XP level 2. HP: 17/20 MP: 1/6
   688 | D:1      | Learned a level 2 spell: Blink
  1121 | D:2      | Reached XP level 3. HP: 10/26 MP: 5/8
  1323 | D:2      | Learned a level 3 spell: Mephitic Cloud
  1462 | D:2      | Noticed Sigmund
  2128 | D:3      | Noticed Natasha
  2143 | D:3      | Killed from afar by a white imp

Vault maps used:
D:1:      saegor_arrival_simple_c
D:2:      cheibrodos_gnoll_hut, uniq_sigmund
D:3:      lemuel_crystal_altar, nrook_mini_vaults, minmay_misc_feat_doors,
          uniq_iyjb, uniq_natasha

Skill      XL: |  1  2 |
---------------+-------+-----
Conjurations   | 2 |  2.4
Dodging        | |  1.7
Stealth        | |  1.7
Spellcasting   | |  3.7
Summonings     | |  1.0
Translocations | |  1.0
Air Magic      | |  0.2
Poison Magic   | |  0.4

Action                   || total
-------------------------++-------
Melee: Club              ||    14
       Spear             ||   110
       Tailslap          ||     3
 Cast: Magic Dart        ||    29
       Mephitic Cloud    ||     1
  Use: Potion            ||     1
 Stab: Sleeping          ||     3
  Eat: Chunk             ||     2
Armor: Skin              ||    31
Dodge: Dodged            ||    66
